Map: Ultralove

Players

Lambo - Winner!

  • Race: Zerg Zerg
  • Spawn Location: 7:00

SKillous

  • Race: Protoss Protoss
  • League: Grandmaster
  • Spawn Location: 1:00

Event: HomeStory Cup XXVI

VOD

Have the link to the VOD?

Description

Time

  • Played on: Nov. 29, 2024, 7:40 a.m.
  • Length: 12:54

All games in this series

Show
View Real Time Build Order
Export as new Build Order

Lambo Zerg - Winner!

Build Orders: Hatch First, Lurkers 

Get SALT Encoding   

  12  0:00  Drone  
  13  0:07  Drone  
  14  0:14  Drone, Extractor  
  14  0:21  Overlord  
  15  0:41  Hatchery  
  14  0:44  Drone  
  14  0:48  Drone  
  16  0:51  Drone  
  16  0:56  Drone  
  18  1:05  Extractor  
  18  1:10  Spawning Pool  
  16  1:13  Drone  
  16  1:17  Drone  
  18  1:27  Drone  
  19  1:38  Drone  
  20  1:49  Drone  
  21  1:56  Queen  
  21  1:57  Zergling x2, Queen  
  21  1:59  Overlord  
  26  2:04  Drone  
  27  2:10  Drone  
  27  2:11  Metabolic Boost  
  28  2:19  Drone  
  29  2:25  Drone x2  
  31  2:32  Drone  
  32  2:42  Hatchery, Drone  
  32  2:45  Overlord  
  32  2:50  Queen  
  34  2:57  Drone  
  34  2:58  Drone  
  36  3:02  Queen  
  38  3:06  Drone x2  
  38  3:09  Overlord  
  38  3:11  Zergling x2  
  40  3:23  Spore Crawler  
  40  3:26  Spore Crawler  
  38  3:30  Drone x3  
  38  3:33  Overlord  
  43  3:35  Queen  
  43  3:37  Spore Crawler, Drone x2  
  46  3:41  Drone x3  
  46  3:44  Overlord  
  49  3:52  Drone  
  49  3:54  Spore Crawler  
  49  4:02  Drone x5  
  53  4:04  Drone x2  
  53  4:08  Drone  
  56  4:10  Drone  
  56  4:11  Drone x2  
  56  4:16  Drone, Baneling Nest  
  59  4:18  Drone x2  
  61  4:27  Drone x2  
  62  4:34  Drone  
  62  4:37  Drone  
  61  4:40  Zergling x4  
  61  4:41  Spore Crawler  
  61  4:42  Extractor  
  61  4:44  Zergling x4  
  61  4:45  Hatchery  
  62  4:47  Drone x4  
  62  4:48  Overlord  
  62  4:49  Lair  
  62  4:52  Drone x2  
  68  4:54  Extractor  
  68  4:59  Drone  
  68  5:02  Drone  
  68  5:03  Drone  
  68  5:05  Drone x3  
  73  5:07  Evolution Chamber  
  73  5:10  Drone  
  73  5:13  Extractor  
  73  5:14  Drone x2  
  74  5:20  Drone  
  74  5:21  Overlord  
  75  5:23  Drone x4  
  75  5:24  Overlord  
  75  5:25  Overlord  
  75  5:26  Drone, Extractor  
  75  5:27  Extractor  
  79  5:32  Zerg Missile Weapons Level 1  
  79  5:33  Overlord  
  79  5:35  Drone x2  
  79  5:39  Overlord  
  79  5:40  Overlord  
  79  5:41  Drone  
  82  5:48  Overseer  
  82  5:49  Hydralisk Den, Overseer  
  81  5:54  Drone x4  
  83  6:02  Drone x2  
  83  6:03  Zergling x20  
  95  6:10  Overlord  
  95  6:18  Drone x2, Spore Crawler  
  97  6:20  Grooved Spines  
  97  6:21  Hydralisk x3  
  97  6:23  Pneumatized Carapace  
  102  6:27  Centrifugal Hooks, Hydralisk x2  
  102  6:29  Drone x2  
  108  6:33  Overlord, Hydralisk x3  
  108  6:34  Hydralisk  
  108  6:37  Hydralisk  
  118  6:40  Drone x3  
  118  6:44  Infestation Pit  
  119  6:48  Hydralisk  
  119  6:52  Baneling x2  
  119  6:53  Zergling x2  
  119  6:54  Zergling x12  
  125  6:56  Hydralisk x2  
  125  7:01  Hydralisk x2  
  128  7:02  Zergling x8  
  128  7:06  Hydralisk  
  128  7:07  Zergling x6  
  135  7:10  Baneling x3  
  135  7:14  Zergling x12  
  131  7:20  Hydralisk x2  
  116  7:24  Hydralisk x3  
  117  7:30  Hydralisk x2  
  117  7:36  Zergling x2, Hydralisk  
  120  7:39  Hydralisk x2  
  120  7:40  Zergling x4  
  120  7:43  Zergling x2  
  126  7:46  Baneling x4  
  126  7:49  Zergling x6  
  129  7:53  Muscular Augments  
  129  7:54  Queen  
  129  7:55  Queen  
  129  7:56  Zergling x2  
  129  7:57  Baneling x3  
  134  7:59  Baneling  
  134  8:00  Zergling x2  
  134  8:02  Overlord  
  134  8:03  Overlord  
  135  8:05  Overlord  
  135  8:07  Overlord  
  135  8:09  Zergling x6  
  135  8:11  Overlord  
  136  8:17  Drone  
  136  8:23  Drone x4  
  136  8:26  Drone  
  136  8:27  Zerg Missile Weapons Level 2, Drone  
  140  8:30  Spore Crawler  
  140  8:32  Hydralisk x4  
  146  8:35  Hydralisk  
  148  8:41  Zergling x2  
  148  8:42  Zergling x4  
  148  8:45  Zergling x6  
  154  8:48  Zergling x2  
  154  8:51  Hive  
  154  8:52  Extractor  
  154  8:53  Zergling x8, Extractor  
  154  8:54  Hatchery  
  156  8:59  Lurker Den  
  156  9:00  Overlord  
  151  9:08  Drone x4  
  151  9:09  Drone  
  156  9:12  Spine Crawler, Drone x2  
  156  9:14  Spine Crawler  
  156  9:15  Zergling x4  
  156  9:16  Zergling x4  
  160  9:27  Drone  
  160  9:30  Drone  
  162  9:31  Hatchery  
  161  9:38  Queen  
  161  9:39  Queen x2  
  167  9:51  Overseer  
  167  9:57  Lurker x9  
  176  10:00  Drone x3  
  178  10:16  Seismic Spines  
  178  10:18  Adrenal Glands  
  176  10:22  Overlord  
  176  10:25  Lurker x5  
  176  10:27  Overseer  
  181  10:32  Lurker  
  182  10:41  Lurker x2  
  183  10:43  Zerg Melee Weapons Level 1  
  183  10:46  Zergling x24  
  183  10:47  Overlord  
  183  10:49  Overlord x2  
  195  10:50  Overlord  
  195  10:55  Overlord  
  195  10:57  Overlord  
  193  11:08  Overlord  
  190  11:13  Adaptive Talons, Hydralisk x6  
  194  11:23  Zergling x12  
  194  11:24  Baneling x25  
  194  11:25  Overlord  
  200  11:34  Overseer  
  200  11:36  Overlord x2  
  200  11:38  Hydralisk x3  
  200  11:39  Zergling x2  
  198  11:43  Hydralisk x5  
  198  11:45  Hydralisk  
  191  11:49  Hydralisk  
  191  11:50  Hydralisk  
  191  11:53  Overseer x2  
  191  11:54  Drone x3  
  194  11:55  Zergling x2  
  194  11:56  Zergling x14  
  194  11:59  Hydralisk  
  194  12:00  Zergling x2, Hydralisk x2  
  198  12:10  Zergling x2  
  199  12:21  Zergling x2  
  199  12:22  Zergling x8, Overlord  
Show
View Real Time Build Order
Export as new Build Order

SKillous Protoss 

Build Orders: 1 Gate Expand, Oracle Opening, Zealot Archon 

Get SALT Encoding   

  12  0:00  Probe  
  13  0:12  Probe  
  14  0:20  Pylon  
  14  0:24  Probe  
  15  0:34  Probe  
  15  0:36  Assimilator  
  15  0:42  Probe  
  16  0:44  Gateway  
  17  0:52  Probe  
  18  1:04  Probe  
  19  1:16  Probe  
  20  1:22  Nexus  
  20  1:32  Cybernetics Core  
  20  1:34  Probe  
  21  1:40  Assimilator  
  21  1:47  Probe  
  22  1:50  Pylon  
  22  1:58  Probe  
  22  1:59  Adept  
  23  2:07  Probe  
  23  2:12  Stargate  
  23  2:15  Probe  
  26  2:21  Warp Gate  
  27  2:29  Adept  
  30  2:31  Pylon  
  30  2:33  Probe  
  30  2:34  Probe  
  30  2:41  Probe  
  31  2:46  Probe  
  31  2:50  Oracle  
  33  2:51  Probe  
  38  2:58  Probe  
  38  3:03  Pylon  
  38  3:04  Probe  
  39  3:10  Probe  
  40  3:16  Probe  
  41  3:22  Probe  
  41  3:25  Oracle  
  42  3:28  Probe  
  46  3:34  Probe  
  46  3:39  Nexus  
  46  3:40  Pylon, Probe  
  48  3:46  Probe  
  49  3:48  Assimilator  
  49  3:51  Assimilator  
  49  3:52  Probe  
  50  3:59  Probe  
  50  4:01  Probe  
  50  4:02  Oracle  
  54  4:07  Pylon  
  54  4:09  Probe  
  55  4:11  Twilight Council, Probe  
  55  4:12  Forge  
  57  4:22  Gateway  
  57  4:23  Probe  
  58  4:28  Probe  
  59  4:31  Gateway  
  59  4:34  Protoss Ground Weapons Level 1  
  59  4:38  Gateway, Probe  
  60  4:44  Probe  
  61  4:47  Probe  
  61  4:50  Probe  
  63  4:54  Charge, Adept  
  63  4:55  Probe  
  63  4:56  Shield Battery, Probe  
  67  5:02  Probe  
  67  5:04  Probe  
  68  5:08  Probe  
  68  5:12  Probe  
  70  5:14  Probe  
  70  5:15  Sentry  
  70  5:18  Gateway  
  70  5:19  Gateway  
  70  5:20  Probe x2  
  75  5:22  Stalker  
  75  5:26  Probe  
  79  5:29  Assimilator x2, Sentry  
  79  5:33  Robotics Facility  
  79  5:34  Probe  
  81  5:35  Pylon  
  81  5:36  Templar Archives  
  81  5:38  Probe  
  83  5:45  Gateway  
  83  5:47  Gateway, Pylon  
  83  5:49  Probe  
  84  5:51  Probe  
  84  5:52  Probe  
  86  6:00  Pylon  
  86  6:01  Pylon, Probe  
  86  6:02  Pylon  
  86  6:03  Probe  
  88  6:04  Probe  
  88  6:05  Zealot  
  88  6:09  Zealot  
  93  6:11  Warp Prism  
  93  6:13  Probe, Pylon  
  93  6:15  High Templar x3  
  100  6:19  Archon  
  100  6:20  High Templar  
  104  6:26  Zealot, Archon  
  104  6:29  Pylon  
  104  6:31  Protoss Ground Weapons Level 2  
  106  6:37  Zealot, Pylon  
  108  6:44  Nexus  
  108  6:45  Pylon  
  108  6:47  Zealot x4  
  114  7:08  Zealot x8  
  126  7:09  Probe  
  126  7:11  Probe  
  126  7:14  Probe  
  117  7:19  Immortal  
  117  7:21  Probe  
  100  7:23  Probe  
  100  7:29  High Templar x6  
  111  7:30  Zealot x2  
  113  7:39  Archon x2  
  113  7:40  Archon  
  113  7:43  Shield Battery  
  113  7:47  Probe x2  
  115  7:51  Nexus  
  115  7:52  Robotics Bay  
  115  8:00  Zealot  
  115  8:02  High Templar x2  
  115  8:03  Zealot x5  
  131  8:06  Archon  
  122  8:25  Colossus  
  126  8:29  High Templar x2  
  126  8:32  Probe  
  126  8:34  Archon  
  126  8:40  Phoenix  
  126  8:41  Zealot x6  
  140  8:43  Nexus  
  140  8:47  Pylon  
  142  8:49  Pylon  
  142  8:53  Protoss Ground Weapons Level 3  
  142  9:04  Psionic Storm, Photon Cannon  
  142  9:06  Photon Cannon  
  142  9:07  Shield Battery, High Templar  
  144  9:10  Shield Battery  
  144  9:13  Gateway, Colossus  
  144  9:14  Gateway, Photon Cannon  
  144  9:17  Shield Battery, High Templar, Photon Cannon  
  146  9:29  Extended Thermal Lance  
  153  9:31  Probe  
  153  9:33  Probe x2, Photon Cannon  
  153  9:38  Shield Battery  
  155  9:43  Assimilator  
  155  9:46  High Templar, Photon Cannon  
  155  9:48  Assimilator  
  155  9:50  Photon Cannon x2  
  155  9:51  Shield Battery  
  157  9:55  Zealot  
  165  10:15  Photon Cannon  
  165  10:18  Colossus  
  165  10:21  Photon Cannon  
  163  10:23  High Templar  
  163  10:25  Photon Cannon  
  165  10:34  Fleet Beacon  
  165  10:36  Stargate  
  163  10:50  High Templar, Photon Cannon  
  163  10:52  Stalker  
  163  10:53  Photon Cannon  
  163  10:55  Pylon  
  167  11:00  Photon Cannon, Stargate  
  167  11:01  Photon Cannon  
  167  11:02  Zealot x5  
  175  11:06  Oracle  
  171  11:17  Tempest  
  172  11:24  Zealot x5  
  180  11:26  Gravitic Boosters  
  180  11:28  Cybernetics Core  
  176  11:33  Zealot  
  170  11:43  Tempest  
  141  11:48  Zealot  
  141  11:49  Zealot x3  
  141  11:50  Probe  
  141  11:51  Probe  
  141  11:52  Probe  
  141  11:53  Zealot x5  
  140  11:54  Probe  
  140  12:02  Probe  
  140  12:04  Tempest  
  140  12:08  Zealot, Probe  
  145  12:09  Zealot x3  
  145  12:11  Probe  
  142  12:16  Zealot  
  142  12:17  Zealot x2  
  112  12:35  Zealot x3  
  112  12:36  Zealot x4  
Tags
 
Add a new tag
Caveats
  • Supply blocks, unpowered buildings, or Contaminate may cause inaccurate times.
  • Supply counts are checked every 10 seconds.